 Dungeon Crawl Stone Soup version 0.28.0-47-ge53b351184 (webtiles) character file.

Game seed: 6071128686106053955

10 Exodus22XD the Covered (level 2, 27/27 HPs)
             Began as a Minotaur Fighter on May 8, 2022.
             Was a Plaything of Xom.
             Quit the game on level 1 of the Dungeon.
             The game lasted 00:00:44 (275 turns).

Exodus22XD the Covered (Minotaur Fighter)            Turns: 275, Time: 00:00:45

Health: 27/27      AC:  7    Str: 20    XL:     2   Next: 10%
Magic:  1/1        EV: 13    Int:  5    God:    Xom [..*...]
Gold:   16         SH:  4    Dex:  9    Spells: 1/1 levels left

rFire   . . .      SeeInvis .   a - +0 war axe
rCold   . . .      Faith    .   c - +0 buckler
rNeg    . . .      Spirit   .   b - +0 scale mail
rPois   .          Reflect  .   (helmet restricted)
rElec   .          Harm     .   (no cloak)
rCorr   .          Rampage  .   (no gloves)
Will    .....                   (no boots)
Stlth   ..........              (no amulet)
HPRegen 0.09/turn               i - +4 ring of evasion
MPRegen 0.07/turn               (no ring)

@: no status effects
A: horns 2, retaliatory headbutt
a: Renounce Religion


You were on level 1 of the Dungeon.
You worshipped Xom.
You were a toy of Xom.
You visited 1 branch of the dungeon, and saw 1 of its levels.

You collected 16 gold pieces.

Inventory:

Hand Weapons
 a - a +0 war axe (weapon)
Armour
 b - a +0 scale mail (worn)
 c - a +0 buckler (worn)
Jewellery
 i - a +4 ring of evasion (left hand)
Scrolls
 f - 3 scrolls of teleportation {unknown}
 h - a scroll of identify {unknown}
Potions
 d - a potion of might
 e - 2 potions of lignification {unknown}
 g - 2 potions of attraction {unknown}


   Skills:
 + Level 3.9 Fighting
 + Level 2.6 Axes
 + Level 3.9 Armour
 + Level 3.8 Shields


You had one spell level left.
You didn't know any spells.
Your spell library was empty.

Dungeon Overview and Level Annotations

Branches:
Dungeon (1/15)

Altars:
Xom

Shops:
D:1 [


Innate Abilities, Weirdness & Mutations

You have a pair of horns on your head.
You reflexively headbutt those who attack you in melee.


Message History

A giant cockroach is nearby!
The giant cockroach closely misses you. You furiously retaliate!
You headbutt the giant cockroach!
You kill the giant cockroach!
You open the door.
There is an open door here.
A goblin comes into view. It is wielding a +0 dagger.
Found Xainwumm's Armour Emporium.
The goblin shouts!
A goblin is nearby!
A goblin is nearby!
You block the goblin's attack.
You slash the goblin!
You kill the goblin!
You have reached level 2!
You see here a +0 dagger.
There is an entrance to Xainwumm's Armour Emporium here.
There is a fountain of clear blue water here.
A giant cockroach comes into view.
You barely miss the giant cockroach. You block the giant cockroach's attack.
The giant cockroach bites you but does no damage.
You barely miss the giant cockroach. You headbutt the giant cockroach.
You kill the giant cockroach!
You see here a giant cockroach corpse.
You open the door.
Found a gnoll skeleton.
No target in view!
Found a gnoll skeleton.
There is an open door here.
You open the door.
Found a faded altar of an unknown god.
There is an open door here.
There is a faded altar of an unknown god here.
Unknown command.
Press < or > to pray at altars.
You cannot tell which god this altar belongs to.
Convert to them anyway?
Xom accepts your prayer! Xom welcomes you!
Xom is fascinated!
Are you sure you want to abandon this character and quit the game? (Confirm with "yes".)

#..............
##....##........
##..........#####
##..♣♣♣♣♣♣........
##..♣♣..♣÷♣........
##..♣♣PP#####.......
#..♣♣♣♣.#...#.......
#.♣♣♣..P#...♣.......
#.♣@....'.8.'.......
#.♣♣.♣..#...♣..#####
#..♣♣PPP#...#..# #
##..♣♣PP#####..# #
##..♣♣P♣♣÷♣...# #
##..♣♣♣♣♣♣...# #
##....†....## #
####......# #
########


There were no monsters in sight!

Vanquished Creatures
  An endoplasm (D:1)
  2 giant cockroaches (D:1)
  A goblin (D:1)
  A hobgoblin (D:1)
  2 bats (D:1)
  A frilled lizard (D:1)
  A rat (D:1)
9 creatures vanquished.

Notes
Turn   | Place    | Note
-------+----------+-------------------------------------------
     0 | D:1      | Exodus22XD the Minotaur Fighter began the quest for the
                  | Orb.
     0 | D:1      | Reached XP level 1. HP: 19/19 MP: 0/0
   202 | D:1      | Found Xainwumm's Armour Emporium.
   207 | D:1      | Reached XP level 2. HP: 27/27 MP: 1/1
   267 | D:1      | Found a faded altar of an unknown god.
   274 | D:1      | Prayed at the altar of an unknown god.
   274 | D:1      | Became a worshipper of Xom of Chaos
   275 | D:1      | Quit the game

Illustrated notes

Levels and vault maps discovered:
D:1:      minmay_arrival_pointy, layout_basic, serial_shops, shop_fountains,
          dilly_ecumenical_altar_fadedgnrine

Action                   || total
-------------------------++-------
Melee: War axe           ||    14
       Headbutt          ||     2
Armor: Scale mail        ||     8
Dodge: Dodged            ||     6
Block: Buckler           ||     6
